[Event "*** Titled Tuesday Blitz"]
[Site "Chess.com"]
[Date "2021.03.02"]
[Round "3"]
[White "ljuks68"]
[Black "Vandros57"]
[Result "1-0"]
[WhiteElo "2447"]
[BlackElo "2239"]
[TimeControl "180+1"]
[EndTime "10:29:30 PST"]
[Termination "ljuks68 won by checkmate"]

1. e4 c5 2. Nf3 Nc6 3. d4 cxd4 4. Nxd4 g6 5. c4 Nf6 6. Nc3 d6 7. Be2 Nxd4 8. Qxd4 Bg7 9. Be3 O-O 10. Qd2 a5 11.
Rc1 a4 12. f3 Qa5 13. Nd5 Qxd2+ 14. Kxd2 Nxd5 15. cxd5 Bxb2 16. Rc7 Bf6 17. Rhc1 Rd8 18. f4 h5 19. Bb6 Bg4 20. Bxg4 hxg4 21. Rxb7 Rdb8 22. Rcc7 Rxb7 23. Rxb7 a3 24. e5 dxe5 25. fxe5 Bxe5 26. Rxe7 Bxh2 27. Bc5 Rd8 28. Bxa3 Rxd5+ 29. Ke2 Ra5 30. Bb2 f5 31. a3 Bd6 32. Rg7+ Kf8 33. Rxg6 Ke7 34. Rg7+ Ke6 35. Rg6+ Kd5 36. Rf6 Kc6 37.
Bc3 Rd5 38. Bb4 f4 39. Bxd6 Rxd6 40. Rxf4 Re6+ 41. Kf2 g3+ 42. Kxg3 Rg6+ 43. Kf3 Rd6 44. a4 Rd3+ 45. Kf2 Ra3 46. Kg1 Kd6 47. Kh2 Ke6 48.
g3 Ke5 49. Kh3 Ke6 50. Kg4 Ra1 51. Rb4 Rh1 52. a5 Ra1 53. Rb5 Ra4+ 54. Kg5 Kf7 55. g4 Ra3 56. Kf5 Ra2 57. Rb7+ Kg8 58. Rb5 Rf2+ 59. Kg6 Rg2 60. Rb8# 1-0

[Event "*** Titled Tuesday Blitz"]
[Site "Chess.com"]
[Date "2021.03.02"]
[Round "3"]
[White "TheBigBoss04"]
[Black "lagedema"]
[Result "1-0"]
[WhiteElo "2749"]
[BlackElo "2510"]
[TimeControl "180+1"]
[EndTime "10:29:32 PST"]
[Termination "TheBigBoss04 won by checkmate"]

1. c4 c6 2. Nf3 d5 3. e3 Nf6 4. Qc2 g6 5. b3 Bg7 6. Bb2 O-O 7. Be2 Na6 8. a3 Bf5 9. d3 Rc8 10. O-O Nc5 11. Nd4 Bd7 12. b4 Ne6 13. Nf3 c5 14.
b5 dxc4 15. dxc4 Nc7 16. Rd1 Qe8 17. Nbd2 b6 18. a4 Bf5 19. e4 Bg4 20. h3 Bxf3 21.
Nxf3 Ne6 22. a5 Nd7 23. e5 Qd8 24. axb6 axb6 25. Qe4 Qc7 26. Rd5 Nd4 27. Nxd4 cxd4 28. Bxd4 Rfd8 29. Rd1 e6 30. Rd6 Bf8 31. Rc6 Qb8 32. Bf3 Nc5 33. Qe3 Rxc6 34. bxc6 Qc7 35. Ra1 h5 36. h4 Kh7 37. g3 Bh6 38. Qc3 Bf8 39. Kg2 Be7 40. Rb1 Kg7 41. Rd1 Ra8 42.
Bxc5 Bxc5 43. Rd7 Qc8 44. Qc2 Ra3 45. Rb7 Rxf3 46. Kxf3 Qxc6+ 47. Qe4 Qa4 48. Kg2 Qd1 49. Qf3 Qxf3+ 50. Kxf3 Kf8 51. Ke4 Kg7 52. f4 Bf2 53.
Kf3 Be1 54. Rxb6 Ba5 55. Rb7 Bc3 56. c5 Bd4 57. c6 Kf8 58. c7 Ke7 59. c8=Q# 1-0

[Event "*** Titled Tuesday Blitz"]
[Site "Chess.com"]
[Date "2021.03.02"]
[Round "3"]
[White "bratkoo"]
[Black "PakMaster"]
[Result "1-0"]
[WhiteElo "2514"]
[BlackElo "2256"]
[TimeControl "180+1"]
[EndTime "10:29:32 PST"]
[Termination "bratkoo won on time"]

1. e4 c5 2. Nf3 d6 3. d4 cxd4 4. Nxd4 Nf6 5. Nc3 a6 6. Be2 e5 7. Nb3 Be7 8. Bg5 Be6 9. O-O O-O 10. Qd2 b5 11. a3 h6 12. Bxf6 Bxf6 13. Nd5 Bg5 14.
Qd3 Nd7 15. Rfd1 Nc5 16. Nxc5 dxc5 17. Qc3 Bf6 18. Qxc5 Rc8 19. Qa7 Rxc2 20. Ne3 Rxe2 21. Rxd8 Rxd8 22. b4 Rdd2 23. Rf1 Bg5 24. Nd5 Bxd5 25.
exd5 Be3 26. Qxa6 Bxf2+ 27. Kh1 Bd4 28. Qc8+ Kh7 29. Qf5+ Kh8 30. Rc1 Bc3 31. Qc8+ Kh7 32.
Qxc3 Rxg2 33. Qh3 Rgf2 34. Rf1 Rfe2 35. d6 Rxd6 36. Qf5+ Kh8 37. Qxf7 Rdd2 38. Qh5 Kh7 39. Qf5+ Kh8 40. Qh3 Kh7 41. Kg1 e4 42. Qf5+ Kh8 43.
Qe5 Rg2+ 44. Kh1 Rgf2 45. Rxf2 Rxf2 46. Qxe4 Rf6 47. Qe8+ Kh7 48. Qxb5 h5 49. Qd3+ Kh6 50. b5 g5 51. a4 h4 52. a5 g4 53. Qe3+ Kh5 54. Qe5+ Kg6 55. Qxf6+ Kxf6 56. a6 1-0

[Event "*** Titled Tuesday Blitz"]
[Site "Chess.com"]
[Date "2021.03.02"]
[Round "3"]
[White "rachidhuilda"]
[Black "DamianoLew95"]
[Result "0-1"]
[WhiteElo "2293"]
[BlackElo "2587"]
[TimeControl "180+1"]
[EndTime "10:29:32 PST"]
[Termination "DamianoLew95 won by resignation"]

1. d4 d5 2. Nf3 Nf6 3. c4 c6 4.
Nc3 dxc4 5. a4 Bf5 6. e3 e6 7. Bxc4 Nbd7 8. O-O Be7 9. Qe2 Ne4 10. Rd1 O-O 11. Nd2 Nxd2 12. Bxd2 Bg6 13. e4 Nb6 14. Be3 Nxc4 15. Qxc4 Qa5 16. f3 Rac8 17. Rd2 Rfd8 18. Rad1 Bb4 19. Qb3 h6 20. Qc4 Bh7 21. Qb3 Kh8 22.
Bf2 Bg8 23. Bh4 f6 24. Qc2 Rd7 25. Bf2 Rcd8 26. Be3 Qb6 27. Bf2 Qa5 28. Be3 Bf7 29. Bf2 a6 30. Be3 Be8 31. Bf2 e5 32. dxe5 Qxe5 33.
Rxd7 Rxd7 34. Rxd7 Bxd7 35. Qd2 Be6 36. Qd8+ Kh7 37.
Qd4 Bb3 38. Qxe5 fxe5 39. Bg3 Bd6 40. a5 Kg6 41. Kf2 Kf7 42. Ke2 Ke6 43. Kd3 Bb4 44.
Bf2 Bxa5 45. Bc5 h5 46. Bf8 g6 47. h3 b5 48. Bc5 Bc4+ 49. Ke3 Bd8 50. Kf2 a5 51.
Nd1 a4 52. Ne3 Bb3 53. g4 Be7 54. gxh5 Bxc5 55. hxg6 Kf6 56. h4 Kxg6 57. Ke2 Bxe3 58. Kxe3 b4 59. Kd3 a3 60. bxa3 bxa3 61. Kc3 a2 62. Kb2 c5 0-1

[Event "*** Titled Tuesday Blitz"]
[Site "Chess.com"]
[Date "2021.03.02"]
[Round "3"]
[White "zacachess"]
[Black "Treacherous_horse64"]
[Result "1-0"]
[WhiteElo "2429"]
[BlackElo "2601"]
[TimeControl "180+1"]
[EndTime "10:29:33 PST"]
[Termination "zacachess won by resignation"]

1. e4 c6 2. d4 d5 3. Nd2 dxe4 4. Nxe4 Nd7 5. Ng5 Ngf6 6. Bc4 e6 7. Qe2 Nb6 8. Bd3 h6 9. N5f3 c5 10. dxc5 Bxc5 11.
Ne5 Qc7 12. Ngf3 Nbd7 13. O-O O-O 14. a3 b6 15. b4 Bd6 16. Nc4 Bf4 17. Bb2 Bb7 18.
Rad1 Qb8 19. h3 Bc7 20. Nce5 Nxe5 21. Nxe5 Rd8 22. Rfe1 Rf8 23. Ng4 Nh7 24. Nxh6+ gxh6 25. Qg4+ Ng5 26. h4 f5 27. Qh5 Qe8 28. Qxh6 Nh3+ 29.
gxh3 e5 30. Bc4+ Qf7 31. Bxf7+ Rxf7 32. Kf1 Rh7 33. Qg6+ Rg7 34. Qe6+ Kh8 35. Bxe5 Ba6+ 36. Rd3 Bxe5 37. Qxe5 Rf8 38. Qd4 Rf7 39. Re8+ Kh7 40.
Re6 Bb7 41. Qd6 Bg2+ 42. Ke1 Be4 43. Rh6+ Kg8 44. Re3 Rg1+ 45. Kd2 Rgg7 46. Rg6 Kh8 47. Reg3 Rd7 48. Qxd7 Rxd7+ 49. Ke3 Re7 50. Rh6+ Rh7 51. Rxh7+ Kxh7 52. c4 Bc2 53. Kf4 Kh6 54. Rg5 Bb1 55.
Rxf5 b5 56. c5 Bxf5 57. Kxf5 Kg7 58. c6 Kf7 59. c7 1-0

[Event "*** Titled Tuesday Blitz"]
[Site "Chess.com"]
[Date "2021.03.02"]
[Round "3"]
[White "Matols"]
[Black "HackingKid98"]
[Result "1-0"]
[WhiteElo "2274"]
[BlackElo "2443"]
[TimeControl "180+1"]
[EndTime "10:29:35 PST"]
[Termination "Matols won on time"]

1. d4 d5 2. c4 e6 3. Nf3 c6 4. e3 Nf6 5. b3 Bd6 6. Bd3 O-O 7. O-O Qe7 8. Bb2 Nbd7 9. Qc2 e5 10. dxe5 Nxe5 11. Nxe5 Bxe5 12. Bxe5 Qxe5 13. Nd2 dxc4 14. Nxc4 Qc7 15. h3 Be6 16. Rfd1 Rfd8 17. Rac1 Rd7 18. Bf5 Bxf5 19. Qxf5 Rad8 20. Qf3 b6 21. Nb2 c5 22. Rxd7 Rxd7 23. b4 Rd2 24. bxc5 bxc5 25. Nc4 Rd8 26.
e4 h6 27. e5 Nd5 28. Nd6 Nb6 29. Qg3 Kh7 30. Qf4 Kg8 31. Qg3 Kh7 32. Nf5 g6 33. Nd6 c4 34. Ne4 Rd4 35. Nf6+ Kh8 36. Qe3 Rh4 37.
Kh2 Nd7 38. Ne8 Qd8 39. Nd6 Qe7 40. g3 Rh5 41. Nxc4 Nxe5 42. Nxe5 Rxe5 43. Qxh6+ Kg8 44. Rc8+ Qe8 45. Rxe8+ Rxe8 46. Qf4 Re7 47. h4 Kg7 48. Qg5 Rd7 49. h5 Rd6 50. hxg6 Rxg6 51. Qe5+ Kf8 52. Qd4 Ra6 53. Qd8+ Kg7 54. Qd5 Rg6 55. Kh3 Ra6 56. g4 1-0

[Event "*** Titled Tuesday Blitz"]
[Site "Chess.com"]
[Date "2021.03.02"]
[Round "3"]
[White "FGHSMN"]
[Black "wonderfultime"]
[Result "0-1"]
[WhiteElo "2669"]
[BlackElo "2921"]
[TimeControl "180+1"]
[EndTime "10:29:37 PST"]
[Termination "wonderfultime won on time"]

1. e4 c5 2. Nf3 Nf6 3. Nc3 d5 4. exd5 Nxd5 5. Bc4 Nb6 6. Be2 Nc6 7. O-O g6 8. d3 Bg7 9. Be3 Nd4 10. Ne4 Nd7 11.
c3 Nxe2+ 12. Qxe2 b6 13. Nd6+ Kf8 14. Nxf7 Kxf7 15. Ng5+ Kg8 16. Qf3 Nf6 17. Qxa8 Qd7 18. Qf3 h6 19. Ne4 Nd5 20. Rad1 Kh7 21. Qg3 Rf8 22. d4 c4 23. Nd2 Qb5 24. Kh1 Bf5 25. b3 Nxc3 26. bxc4 Qb2 27. Rde1 Qxa2 28. Nf3 Ne4 29.
Qc7 Rc8 30. Qxe7 Qxc4 31. Nh4 Rc7 32. Qa3 Be6 33. Qa1 Bd5 34. Qb1 Qa6 35. f3 Re7 36. fxe4 Rxe4 37. Bg1 Rxh4 38. Re7 Qc8 39. Qd3 Qg4 40.
Qd2 Rh5 41. Ree1 Rf5 42. Rxf5 Qxf5 43. Qf2 Qg5 44. h3 a5 45. Bh2 a4 46. Be5 Qf5 47. Qxf5 gxf5 48. Bxg7 Kxg7 49. Ra1 b5 50. Kg1 Bb3 51. Kf2 b4 52. Ke3 a3 53. Rb1 a2 54.
Ra1 Bd5 55. Kd2 f4 56. Kc2 Kg6 57. Kb2 Kf5 0-1

[Event "*** Titled Tuesday Blitz"]
[Site "Chess.com"]
[Date "2021.03.02"]
[Round "3"]
[White "Gusarov91"]
[Black "PavelShkapenko"]
[Result "1-0"]
[WhiteElo "2520"]
[BlackElo "2691"]
[TimeControl "180+1"]
[EndTime "10:29:37 PST"]
[Termination "Gusarov91 won by resignation"]

1. d4 Nf6 2. Nf3 e6 3. c4 Bb4+ 4. Bd2 Qe7 5. Qc2 Bxd2+ 6. Nbxd2 O-O 7. c5 d6 8. cxd6 cxd6 9. e3 e5 10. Bd3 Nc6 11. dxe5 Nb4 12. Qb3 Nxd3+ 13. Qxd3 dxe5 14. Qc3 e4 15. Nd4 b6 16. O-O Ba6 17. Rfc1 Rac8 18.
Qb3 Bd3 19. Nf1 Ng4 20. h3 Ne5 21. Ng3 g6 22. Qa4 h5 23. b3 h4 24. Nge2 Qf6 25.
Nf4 a5 26. Nd5 Qd6 27. Nf4 g5 28. Nf5 Qb4 29. Qxb4 Rxc1+ 30. Rxc1 axb4 31. Nd5 Ra8 32. Nxb4 Kh7 33. a4 Kg6 34. Ne7+ Kg7 35. Ned5 Rb8 36. Rc7 Be2 37. Nc6 Nxc6 38. Rxc6 b5 39. axb5 Rxb5 40. Nc3 Rxb3 41. Nxe2 Rb1+ 42. Rc1 Rb2 43. Nd4 Rb6 44. Nf5+ Kf6 45. Nd4 Kg7 46. Kh2 Rb2 47. Rc2 Rb6 48. g3 hxg3+ 49. Kxg3 f6 50. Kg4 Kg6 51.
h4 gxh4 52. Kxh4 Rb1 53. Kg4 Rh1 54. Kg3 Rg1+ 55. Kf4 Rh1 56. Kxe4 Rh4+ 57. Kf3 Rh3+ 58. Kg2 Rh8 59. Ne2 Rg8 60. Nf4+ Kf5+ 61. Kf3 Ke5 62. Rc5+ Kd6 63. Ra5 Rf8 64. Ra6+ Kd7 65. Ra7+ Kd6 66.
Ra6+ Kd7 67. Nd5 f5 68. Rf6 1-0

[Event "*** Titled Tuesday Blitz"]
[Site "Chess.com"]
[Date "2021.03.02"]
[Round "3"]
[White "azikom"]
[Black "VFernandezB"]
[Result "1-0"]
[WhiteElo "2685"]
[BlackElo "2487"]
[TimeControl "180+1"]
[EndTime "10:29:40 PST"]
[Termination "azikom won by checkmate"]

1. d4 Nf6 2. Nf3 g6 3. c4 d5 4.
Nc3 Bg7 5. Qa4+ Bd7 6. Qb3 dxc4 7. Qxc4 O-O 8. Bf4 Bc6 9. e3 Nbd7 10. Be2 Nb6 11.
Qd3 Nfd5 12. Bg3 f5 13. Be5 Nb4 14. Qd1 N6d5 15. Bxg7 Kxg7 16. O-O e6 17. Ne5 Qd6 18. a3 Nxc3 19. bxc3 Nd5 20. Qd2 Nf6 21. c4 Rad8 22.
Qb2 Kg8 23. c5 Qe7 24. Nxc6 bxc6 25. Qb7 Qd7 26. Bf3 Nd5 27. Rab1 Rb8 28. Qxb8 Rxb8 29. Rxb8+ Kg7 30. Rfb1 Nc3 31. R1b3 Ne4 32. Bxe4 fxe4 33. h3 e5 34. dxe5 Qd1+ 35. Kh2 Qd5 36. Rb1 Qxe5+ 37. Kg1 Qxc5 38. a4 Qd6 39. R8b7 a5 40. Rc1 c5 41.
Rb5 Qd2 42. Rbxc5 Kh6 43. Rxc7 Qa2 44. R7c4 Qb2 45. g3 Qa3 46. Kg2 Kg5 47. R1c3 Qb2 48.
Rc5+ Kh6 49. h4 Qe2 50. Rc1 Qf3+ 51. Kg1 Qe2 52. Rxa5 Qd2 53. Rac5 Qb2 54. a5 Qa3 55. Kg2 g5 56. hxg5+ Kh5 57. g6+ Kxg6 58. a6 h5 59. Rc7 Kg5 60. a7 Qa4 61. R1c5+ Kg4 62. Rg7# 1-0

[Event "*** Titled Tuesday Blitz"]
[Site "Chess.com"]
[Date "2021.03.02"]
[Round "3"]
[White "KonstantinB_1983"]
[Black "Redzishchess"]
[Result "1-0"]
[WhiteElo "2547"]
[BlackElo "2356"]
[TimeControl "180+1"]
[EndTime "10:29:40 PST"]
[Termination "KonstantinB_1983 won on time"]

1. d4 Nf6 2. c4 e6 3. Nc3 Bb4 4. f3 d5 5. a3 Bxc3+ 6. bxc3 O-O 7. e3 c5 8. Bd3 Nc6 9. Ne2 e5 10. cxd5 Nxd5 11. e4 Nb6 12. d5 Na5 13. Be3 c4 14. Bc2 Bd7 15. Bc5 Re8 16. Bb4 Nb3 17. Bxb3 cxb3 18.
Qxb3 Ba4 19. Qa2 Qc7 20. c4 Nxc4 21. Rc1 b5 22. O-O a5 23. Bd2 Qb6+ 24. Kh1 Bb3 25. Qxb3 Nxd2 26. Qb2 Nxf1 27. Rxf1 b4 28. axb4 Qxb4 29.
Qa2 Rec8 30. h3 Qc4 31. Qd2 a4 32. d6 a3 33. d7 Rd8 34. Ra1 Qc7 35. Nc3 Rxd7 36. Nd5 Qa5 37. Nf6+ gxf6 38. Qxd7 a2 39. Qg4+ Kf8 40. Qh4 Qb6 41. Qh6+ Ke7 42. Qc1 Ra7 43. Kh2 Kf8 44. h4 Kg7 45. h5 h6 46. Kg3 Qd4 47. Kg4 Qd7+ 48. Kh4 Ra8 49. Qe1 Qe6 50.
Qg3+ Kh7 51. Qf2 Ra7 52. Qb2 f5 53. Kg3 f4+ 54. Kf2 Qc4 55. Qxe5 Qc2+ 56. Kg1 1-0

[Event "*** Titled Tuesday Blitz"]
[Site "Chess.com"]
[Date "2021.03.02"]
[Round "3"]
[White "ram1zan"]
[Black "Faqade"]
[Result "0-1"]
[WhiteElo "2953"]
[BlackElo "2714"]
[TimeControl "180+1"]
[EndTime "10:29:41 PST"]
[Termination "Faqade won by resignation"]

1. e4 c5 2. Nf3 e6 3. d4 cxd4 4. Nxd4 Nc6 5. Nc3 Qc7 6. a3 a6 7.
Be3 b5 8. Nxc6 Qxc6 9. Bd3 Bb7 10. Qg4 Nf6 11. Qg3 h5 12. h3 Rc8 13. O-O h4 14.
Qh2 d6 15. Rad1 Be7 16. Rfe1 Qc7 17. Qf4 g5 18. Qxg5 Nxe4 19. Qf4 Nxc3 20. bxc3 Rg8 21.
f3 Bg5 22. Qd4 Bxf3 23. Rd2 Qc6 24. Bf1 Be7 25. Qd3 Qxc3 26. Qh7 Qg7 27. Qh6 Qxh6 28. Bxh6 Rc3 29. Bf4 d5 30. Be5 Rxa3 31. Kh1 Be4 32.
Kh2 Bb4 33. c3 Bxc3 34. Bxc3 Rxc3 35. Ra1 Rc6 36. Rxa6 Rxa6 37. Bxb5+ Ke7 38. Bxa6 e5 39. Bb7 Ke6 40. Kg1 f5 41. Kf1 d4 42. Ba6 Ra8 43. Bc4+ Kd6 44. Rb2 Rc8 45. Be2 d3 46. Bd1 Kd5 47. Ke1 Kd4 48. Kd2 Bxg2 49. Rb4+ Rc4 50. Rb5 e4 51. Rxf5 e3+ 52. Ke1 d2+ 53. Ke2 Rc1 54. Rf4+ Be4 55. Rxh4 Rxd1 56. Kxd1 Kd3 57. Rxe4 Kxe4 58. Ke2 Kf4 59. h4 Kg4 60. h5 Kxh5 0-1

[Event "*** Titled Tuesday Blitz"]
[Site "Chess.com"]
[Date "2021.03.02"]
[Round "3"]
[White "eduardoperalta"]
[Black "paulrusan"]
[Result "1-0"]
[WhiteElo "2538"]
[BlackElo "2326"]
[TimeControl "180+1"]
[EndTime "10:29:46 PST"]
[Termination "eduardoperalta won on time"]

1. d4 Nf6 2. c4 g6 3. Nc3 Bg7 4. e4 d6 5. f3 O-O 6. Bg5 c5 7. d5 a6 8. a4 e6 9. Qd2 exd5 10.
cxd5 Re8 11. Nge2 Nbd7 12. Ng3 Ne5 13. Be2 h5 14. O-O Qa5 15. h3 Nh7 16. Bh6 h4 17.
Nh1 f5 18. Bxg7 Kxg7 19. Nf2 Bd7 20. Rae1 b5 21. f4 b4 22. Ncd1 Nf7 23. exf5 gxf5 24. b3 Qd8 25. Nb2 Nf6 26. Nc4 Ne4 27. Nxe4 Rxe4 28.
Bf3 Rd4 29. Qb2 Qf6 30. Re6 Bxe6 31. dxe6 Re8 32. exf7 Kxf7 33. Bh5+ Kf8 34. Bxe8 Kxe8 35. Qe2+ Re4 36. Qh5+ Kd7 37. Rd1 Rd4 38. Re1 Re4 39. Rxe4 fxe4 40. Qh7+ Qe7 41. Qxe7+ Kxe7 42. Ne3 Ke6 43. f5+ Ke5 44. Nc4+ Kxf5 45. Nxd6+ Kf4 46. Kf2 Ke5 47. Nc4+ Kd4 48. Ke2 Kc3 49. Nd2 Kd4 50. Nc4 Kc3 51. Na5 Kd4 52. Kd2 e3+ 53. Ke2 Ke4 54.
Nc4 Kd4 55. Nxe3 Kc3 56. g3 hxg3 57. h4 Kxb3 58. h5 c4 59. h6 c3 60. h7 Kxa4 61.
h8=Q a5 62. Qe8+ Kb3 63. Qe6+ Kb2 64. Nc4+ 1-0

[Event "*** Titled Tuesday Blitz"]
[Site "Chess.com"]
[Date "2021.03.02"]
[Round "3"]
[White "WiktoriaPOL"]
[Black "Mbneu"]
[Result "1-0"]
[WhiteElo "2032"]
[BlackElo "2298"]
[TimeControl "180+1"]
[EndTime "10:29:46 PST"]
[Termination "WiktoriaPOL won on time"]

1. e4 c5 2. d4 cxd4 3. c3 Nf6 4. e5 Nd5 5. cxd4 b6 6. Nf3 e6 7. Nc3 Nxc3 8. bxc3 Be7 9. Bd3 Ba6 10. O-O O-O 11.
Qc2 Bxd3 12. Qxd3 Nc6 13. Be3 Rc8 14. c4 Nb4 15. Qb3 Qc7 16. Rac1 Qb7 17. a3 Na6 18. Qd3 h6 19. Rfd1 Rfd8 20. d5 Bc5 21. Qb3 Bxe3 22. Qxe3 Nc5 23. d6 Qe4 24. Qxe4 Nxe4 25.
Nd4 Rc5 26. Nb5 Rxe5 27. Nxa7 Ra8 28. Nb5 Ra4 29. Re1 f5 30. f3 Rxb5 31. cxb5 Nxd6 32.
Red1 Nxb5 33. Rxd7 Rxa3 34. Rb7 Rc3 35. Rxc3 Nxc3 36.
Rxb6 Kf7 37. Kf2 Nd5 38. Rb7+ Kf6 39. g3 g5 40. Rh7 Kg6 41. Rd7 Kf6 42. Rd6 Ke5 43.
Rd8 Kf6 44. Ke2 h5 45. Rh8 Kg6 46. Kd3 Nf6 47. Kd4 f4 48. gxf4 gxf4 49. Ke5 Nd5 50.
Kxe6 Ne3 51. Rg8+ Kh7 52. Rg5 Kh6 53. Rg1 Nc2 54. Ke5 Nb4 55. Kxf4 Nd5+ 56. Ke5 Ne3 57.
h3 Nc4+ 58. Kf6 Nd2 59. f4 Nf3 60. Rf1 Nh4 61. f5 Ng2 62. Kf7 Ne3 63. Rf3 Nd5 64. f6 h4 65. Ke8 Nc7+ 66. Kd7 Nd5 67. f7 1-0

[Event "*** Titled Tuesday Blitz"]
[Site "Chess.com"]
[Date "2021.03.02"]
[Round "3"]
[White "PavelChernomordik"]
[Black "kikydu96"]
[Result "0-1"]
[WhiteElo "2386"]
[BlackElo "2571"]
[TimeControl "180+1"]
[EndTime "10:29:47 PST"]
[Termination "kikydu96 won on time"]

1. e4 c5 2. Nc3 d6 3. f4 Nf6 4. Nf3 a6 5. g3 b5 6. d3 Bb7 7.
Bg2 e6 8. Qe2 Be7 9. O-O O-O 10.
h3 Nc6 11. g4 Nd4 12. Qf2 Nxf3+ 13. Bxf3 b4 14. Ne2 d5 15. e5 Nd7 16. Ng3 f6 17. exf6 Bxf6 18. Kh2 Bh4 19. Qe2 Qb6 20. Bd2 Kh8 21. Rae1 Rae8 22. g5 Qd6 23. Bg4 a5 24.
Qg2 Bc6 25. Re2 e5 26. Nf5 Rxf5 27. Bxf5 Rf8 28. Qg4 Nb6 29. fxe5 Qe7 30. Qxh4 g6 31. Qg4 d4 32. Rff2 gxf5 33. Rxf5 Re8 34. Qf4 Nd5 35. Qf1 Qe6 36. Rf8+ Kg7 37. Rxe8 Bxe8 38. Qf6+ Nxf6 39.
exf6+ Kf7 40. Rxe6 Kxe6 41. Kg3 Bh5 42. c3 Bg6 43.
cxd4 cxd4 44. Kf4 Bxd3 45. h4 Bb1 46. a3 bxa3 47. bxa3 a4 48. h5 Bc2 49. g6 hxg6 50.
h6 Kxf6 51. Bb4 g5+ 52. Kg4 Bd1+ 53. Kg3 Kg6 54. Bc5 d3 55. Be3 Kxh6 56. Kf2 Kg6 57. Ke1 Bc2 58. Kf2 Kf5 59. Kg3 g4 60. Bd2 Bd1 61. Kf2 Ke4 62. Kg3 Kd4 63. Kf4 Kc4 64. Bb4 Kb3 65. Ke3 Kc2 66. Be1 Bf3 0-1

[Event "*** Titled Tuesday Blitz"]
[Site "Chess.com"]
[Date "2021.03.02"]
[Round "3"]
[White "Politov_Pavel"]
[Black "manipun1"]
[Result "1-0"]
[WhiteElo "2408"]
[BlackElo "2226"]
[TimeControl "180+1"]
[EndTime "10:29:47 PST"]
[Termination "Politov_Pavel won by resignation"]

1. d4 d6 2. Nf3 g6 3. c4 Bg7 4. Nc3 Nf6 5. e4 O-O 6. Be2 e5 7.
O-O Nc6 8. d5 Ne7 9. Nd2 Nd7 10.
b4 f5 11. a4 Nf6 12. f3 h5 13. c5 Rf7 14. Nc4 Bf8 15. b5 f4 16. a5 g5 17. b6 axb6 18. cxb6 Ng6 19. bxc7 Rxc7 20. Nb5 Rc5 21. Qb3 g4 22. Ba3 gxf3 23. Bxf3 Rxc4 24. Qxc4 Rxa5 25. Qc7 Qxc7 26. Nxc7 Bg4 27. Ne6 Be7 28.
Bb4 Rb5 29. Ra8+ Kf7 30. Ng5+ Kg7 31. Ba5 Nxd5 32. Bxg4 hxg4 33. Ne6+ Kf6 34. exd5 Rxd5 35. Nc7 Rc5 36. Rd1 Rc2 37. Nd5+ Kf5 38. Nxe7+ Nxe7 39. Rxd6 Nc6 40. Be1 Rc1 41. Kf2 Nd4 42. Ra2 Ke4 43. Bd2 Rd1 44. Rb6 Nf5 45. Rb4+ Nd4 46. Rxb7 f3 47. gxf3+ gxf3 48. Rb4 Rh1 49. Kg3 Rg1+ 50.
Kh4 Rg2 51. h3 Kd3 52. Ra3+ Kxd2 53. Rb2+ Kc1 54. Rxg2 fxg2 55. Ra1+ Kb2 56. Kg3 Kxa1 57. Kxg2 Nf5 58. Kf3 Nh4+ 59. Ke4 Ng6 60. Kf5 Nf4 61. h4 Ng2 62. h5 Nf4 63. h6 e4 64. h7 e3 65.
h8=Q+ Kb1 66. Kxf4 e2 67. Qe5 1-0

[Event "*** Titled Tuesday Blitz"]
[Site "Chess.com"]
[Date "2021.03.02"]
[Round "3"]
[White "frederiksvane"]
[Black "Yaryi_sergey"]
[Result "1-0"]
[WhiteElo "2682"]
[BlackElo "2486"]
[TimeControl "180+1"]
[EndTime "10:29:48 PST"]
[Termination "frederiksvane won on time"]

1. e4 c6 2. Nf3 Na6 3. d4 g6 4. Bd3 Nc7 5. O-O Bg7 6. c3 d5 7. exd5 cxd5 8. Re1 Nf6 9. Bf4 O-O 10. Nbd2 Bg4 11. h3 Bxf3 12. Nxf3 Ne6 13. Bh2 Qb6 14.
Qd2 Rfe8 15. a4 a6 16. Ne5 Rad8 17. a5 Qa7 18. g4 Nf8 19. g5 N6d7 20. f4 f5 21. gxf6 exf6 22. Nxd7 Rxe1+ 23. Qxe1 Rxd7 24. Qe8 f5 25. Re1 b5 26. axb6 Qxb6 27. Re2 a5 28. Bg3 Bf6 29. h4 Rd8 30. Qe3 Kf7 31. h5 Qc6 32. Bc2 Re8 33. Qxe8+ Qxe8 34. Rxe8 Kxe8 35.
Bb3 gxh5 36. Bxd5 h4 37. Bh2 Kd7 38. Kg2 Ng6 39. Bc4 Bd8 40. Bd3 Ke6 41. Kf3 Bb6 42.
Bc4+ Kf6 43. Bf1 Bc7 44. Bd3 Ne7 45. Bc4 h5 46. Bg1 Ng6 47. Be3 h3 48. Bf1 h2 49.
Bg2 Nh4+ 50. Kg3 Ng6 51. Bf3 h4+ 52. Kxh2 Nxf4 53. Kg1 Nd3 54. b3 Bf4 55. Bxf4 Nxf4 56. Kf2 Ne6 57. Ke3 Ng5 58. Bg2 h3 59. Bh1 Ne4 60.
c4 1-0

[Event "*** Titled Tuesday Blitz"]
[Site "Chess.com"]
[Date "2021.03.02"]
[Round "3"]
[White "Niktlt"]
[Black "albi1999"]
[Result "1/2-1/2"]
[WhiteElo "2405"]
[BlackElo "2589"]
[TimeControl "180+1"]
[EndTime "10:29:51 PST"]
[Termination "Game drawn by repetition"]

1. c4 e6 2. Nc3 d5 3. d4 c6 4. e4 dxe4 5. Nxe4 Bb4+ 6. Bd2 Bxd2+ 7. Qxd2 Nf6 8. Nxf6+ Qxf6 9. Nf3 O-O 10. Be2 b6 11. O-O Nd7 12. Rfd1 Bb7 13. Rac1 Rfd8 14. Qe3 Nf8 15.
Ne5 Ng6 16. Bf3 Rac8 17. h3 Nh4 18. Be4 Nf5 19. Bxf5 Qxf5 20. c5 bxc5 21. Rxc5 Rd5 22. Rdc1 Rxc5 23. Rxc5 Qb1+ 24. Qc1 Qxa2 25. Nxc6 Rxc6 26.
Rxc6 Bxc6 27. Qxc6 g6 28. Qc8+ Kg7 29. Qc3 Qd5 30.
Qb4 a5 31. Qa4 h5 32. b4 axb4 33. Qxb4 h4 34. Qd2 Qe4 35. Qc3 Kh7 36. Qc7 Qe1+ 37. Kh2 Qxf2 38. Qe5 Kh6 39. Kh1 Qg3 40. Qe4 Qg5 41.
Kh2 Kg7 42. Kh1 Kf6 43. Kh2 Qg3+ 44. Kh1 g5 45. d5 Qe5 46. Qf3+ Qf5 47. Qc3+ Kg6 48.
dxe6 fxe6 49. Qh8 Qf1+ 50. Kh2 Qf4+ 51. Kh1 Kf5 52. Qf8+ Ke4 53. Qb4+ Ke5 54. Qb8+ Kd4 55. Qb4+ Ke3 56. Qb6+ Ke2 57. Qxe6+ Kf2 58. Qa2+ Ke1 59.
Qb1+ Ke2 60. Qb2+ Qd2 61. Qb1 Kf2 62. Qg1+ Kg3 63. Qh2+ Kf2 64. Qg1+ Ke2 65. Qh2 Qe1+ 66. Qg1 Qf1 67. Qxf1+ Kxf1 68. Kh2 Kf2 69. Kh1 Kf1 70. Kh2 Kf2 71. Kh1 Kf1 1/2-1/2

[Event "*** Titled Tuesday Blitz"]
[Site "Chess.com"]
[Date "2021.03.02"]
[Round "3"]
[White "Anton_Demchenko"]
[Black "Sven_Tica"]
[Result "1-0"]
[WhiteElo "2915"]
[BlackElo "2658"]
[TimeControl "180+1"]
[EndTime "10:29:56 PST"]
[Termination "Anton_Demchenko won by resignation"]

1. e4 c5 2. Nf3 Nf6 3. d3 d5 4. Nbd2 Nc6 5. g3 g6 6. Bg2 Bg7 7. O-O O-O 8. Re1 e6 9. c3 b6 10. a3 Ba6 11. e5 Nd7 12. d4 cxd4 13. cxd4 f6 14. Bh3 Re8 15. exf6 Qxf6 16. Nb3 h6 17. Be3 Rf8 18. Nbd2 Rae8 19. Rc1 Bb7 20. b4 Rf7 21. b5 Na5 22. Rc7 Qd8 23. Rc2 Nc4 24. Nxc4 dxc4 25. Bg2 Qa8 26. Nh4 Bxg2 27. Nxg2 Qd5 28. Nf4 Qxb5 29.
Nxg6 Qf5 30. Nh4 Qd5 31. a4 e5 32. Bf4 Rc8 33. dxe5 Qxd1 34. Rxd1 Nxe5 35. Rd5 Nd7 36. Nf5 Bf8 37. Be3 Nf6 38. Rd4 Kh7 39. Rdxc4 Rxc4 40. Rxc4 Nd5 41. g4 Nxe3 42. fxe3 Bc5 43. Kg2 a5 44. Kf3 Rd7 45. h4 Kg6 46. Kf4 Rd8 47. Re4 Kf6 48. g5+ hxg5+ 49. hxg5+ Kf7 50. Nd4 Bd6+ 51. Kf5 Rg8 52. Ne6 Rc8 53. Nf4 Rc1 54. g6+ Kg7 55. Re6 Rc5+ 56. Kg4 Bxf4 57. exf4 Rc4 58.
Kg5 Rxa4 59. Rxb6 Rc4 60. Rb7+ Kg8 61. f5 Rc8 62. Ra7 a4 63. Rxa4 Rb8 64. Ra7 Rc8 65.
Kh6 Rb8 66. Rg7+ Kh8 67. Rc7 Kg8 68. f6 Ra8 69. Rg7+ Kh8 70. Rh7+ 1-0

[Event "*** Titled Tuesday Blitz"]
[Site "Chess.com"]
[Date "2021.03.02"]
[Round "3"]
[White "maheswaran26"]
[Black "Ural_bogatyr"]
[Result "1/2-1/2"]
[WhiteElo "2270"]
[BlackElo "2503"]
[TimeControl "180+1"]
[EndTime "10:29:56 PST"]
[Termination "Game drawn - insufficient material"]

1. d4 Nf6 2. Nf3 d5 3. c4 c6 4. Nc3 e6 5. e3 Nbd7 6. Qc2 Bd6 7. g4 h6 8. Rg1 dxc4 9. Bxc4 b5 10. Be2 a6 11. g5 hxg5 12. Nxg5 Qe7 13. Nce4 Bxh2 14. Rh1 Bb7 15. Nxf6+ Nxf6 16. Nf3 Ng4 17. a4 b4 18. Bd2 Rc8 19. Rc1 c5 20. dxc5 Ne5 21. Rxh2 Nxf3+ 22. Bxf3 Rxh2 23. c6 Ba8 24. Qc5 Qf6 25. Qd6 Rd8 26. Qxh2 Qxf3 27. c7 Rc8 28. Bxb4 Qh1+ 29. Qxh1 Bxh1 30.
Kd2 Bd5 31. Bd6 Kd7 32. Bg3 f6 33. Rc5 Bb7 34. b4 e5 35. f4 Rxc7 36. Rxc7+ Kxc7 37. fxe5 Kd7 38. exf6 gxf6 39. Kc3 Bc6 40. Kb3 Bd5+ 41. Kc3 Kc6 42. Bf4 Bf3 43. Kc4 Be2+ 44. Kc3 Bd1 45. b5+ axb5 46. axb5+ Kxb5 47. Kd4 Kc6 48. e4 Bc2 49. e5 f5 50. Ke3 Kd7 51. Bg3 Ke6 52. Bf4 Bb3 53. Bg3 Ba4 54. Bf4 Bd7 55. Bg3 Be8 56.
Bf4 Kd5 57. Bg3 Bd7 58. Bf4 Be6 59. Bg3 Kc4 60. Bf4 Kc3 61. Bg3 Kc2 62. Bf4 Kc1 63.
Kd4+ Kd1 64. Kc5 Ke2 65. Kd6 Bc8 66. e6 Bxe6 67. Kxe6 Kf3 68. Kxf5 1/2-1/2